 Dungeon Crawl Stone Soup version 0.30-a0-23-ge60ba3568b (webtiles) character file.

Game seed: 14800899171214148119

60 SensoryNuts the Trooper (level 3, -5/29 HPs)
             Began as a Demonspawn Fighter on Aug 24, 2022.
             Killed by divine providence
             ... invoked by an orc priest
              (13 damage)
             ... on level 3 of the Dungeon.
             The game lasted 00:01:49 (2069 turns).

SensoryNuts the Trooper (Demonspawn Fighter)        Turns: 2069, Time: 00:01:49

Health: -5/29      AC: 10    Str: 16    XL:     3   Next: 82%
Magic:  3/3        EV:  8    Int:  9    God:
Gold:   150        SH:  5    Dex: 14    Spells: 2/2 levels left

rFire   . . .      SeeInvis .    a - +1 trident
rCold   . . .      Faith    .    c - +0 buckler
rNeg    . . .      Spirit   .    b - +0 scale mail
rPois   .          Reflect  .    (no helmet)
rElec   .          Harm     .    (no cloak)
rCorr   .          Rampage  .    g - +2 pair of gloves
Will    .....                    (no boots)
Stlth   ..........               (no amulet)
HPRegen 0.09/turn                (no ring)
MPRegen 0.08/turn                (no ring)

@: mighty
A: rugged brown scales 1
a: no special abilities


You were on level 3 of the Dungeon.
You visited 1 branch of the dungeon, and saw 3 of its levels.

You collected 150 gold pieces.

Inventory:

Hand Weapons
 a - a +1 trident (weapon)
Armour
 b - a +0 scale mail (worn)
 c - a +0 buckler (worn)
 g - a +2 pair of gloves (worn)
Jewellery
 i - an amulet of regeneration
Potions
 e - a potion of ambrosia
 f - a potion of flight


   Skills:
 + Level 3.3 Fighting
 * Level 2.8 Polearms
 + Level 3.0 Armour
 + Level 0.1 Stealth
 + Level 3.0 Shields


You had 2 spell levels left.
You didn't know any spells.
Your spell library contained the following spells:

 Spells                   Type           Power      Damage    Failure   Level
 Apportation              Tloc           0%         N/A       88%         1
 Necrotise                Necr           0%         1d4       88%         1
 Sting                    Tmut/Pois      0%         1d3       88%         1
 Summon Small Mammal      Summ           0%         N/A       88%         1
 Poisonous Vapours        Pois/Air       0%         N/A       96%         2
 Olgreb's Toxic Radiance  Pois           0%         N/A       100%        4


Dungeon Overview and Level Annotations

Branches:
Dungeon (3/15)

Altars:
Xom

Shops:
D:1 [:


Innate Abilities, Weirdness & Mutations

You are partially covered in rugged brown scales. (AC +1, +3% HP)


Message History

No target in view!
No target in view!
No target in view!
No target in view!
No target in view!
Found a dagger.
Things that are here:
a +0 sling; a +0 club An orc priest comes into view.
It is wielding a +0 hand axe.
Found 8 gold pieces.
The orc priest shouts!
You hear a shout!
An orc priest is nearby!
An orc comes into view. It is wielding a +0 short sword.
You reach to attack!
The orc shouts!
You puncture the orc priest!
The orc priest is severely wounded.
You barely miss the orc priest.
The orc priest is severely wounded.
The orc priest calls down the wrath of Beogh upon you.
You barely resist.
An orc priest comes into view. It is wielding a +0 hand axe.
You closely miss the orc priest.
The orc priest is severely wounded.
You block the orc priest's attack.
An orc comes into view. It is wielding a +0 short sword.
The orc priest casts a cantrip, but nothing happens.
You barely miss the orc. The orc hits you with a +0 short sword.
You closely miss the orc priest.
The orc priest is severely wounded.
The orc priest invokes the aid of Beogh against you.
Beogh smites you!
Ouch! That really hurt!
* * * LOW HITPOINT WARNING * * *
The orc hits you but does no damage.
You are too injured to fight recklessly!
You feel very mighty all of a sudden.
The orc priest calls down the wrath of Beogh upon you.
Beogh smites you!
You die...

##.##........
#..##.#.....
#..##.#.#.#.
##..## #.#.
.# #...# #
#.#)##.#
#......#
#...####
#..@# #.oo#
#.oo# #...#
#.... #..$.
#.### #.


You could see 2 orc priests and 2 orcs.

Vanquished Creatures
  An adder (D:2)
  A dart slug (D:2)
  2 ball pythons (D:2)
  4 endoplasms
  5 giant cockroaches
  5 goblins
  6 hobgoblins
  6 jackals
  3 kobolds (D:1)
  2 quokkas
  2 bats
  A frilled lizard (D:1)
  A rat (D:2)
39 creatures vanquished.

Notes
Turn   | Place    | Note
-------+----------+-------------------------------------------
     0 | D:1      | SensoryNuts the Demonspawn Fighter began the quest for the
                  | Orb.
     0 | D:1      | Reached XP level 1. HP: 18/18 MP: 1/1
    77 | D:1      | Found Tilih's Armour Shoppe.
   162 | D:1      | Gained mutation: You are partially covered in rugged brown
                  | scales. (AC +1, +3% HP) [demonic ancestry]
   162 | D:1      | Reached XP level 2. HP: 16/24 MP: 2/2
   332 | D:1      | Found a faded altar of an unknown god.
   719 | D:1      | Found Koih's Book Shoppe.
  1398 | D:2      | Reached XP level 3. HP: 29/29 MP: 3/3
  2036 | D:3      | Found a shimmering altar of Xom.
  2069 | D:3      | Killed from afar by an orc priest

Illustrated notes

Levels and vault maps discovered:
D:1:      minmay_arrival_wavy_path, layout_basic, basic_ecumenical_altar,
          serial_shops, nicolae_shop_behind_doors, shop, minmay_misc_feat_tower,
          minmay_hedge_maze
D:2:      layout_basic
D:3:      layout_loops_ring, nicolae_overflow_crystal_walls,
          mainiacjoe_overflow_boulevard

Skill      XL: |  1  2  3 |
---------------+----------+-----
Shields        | 3 |  3.0
Polearms       | 2 |  2.8
Armour         | 3 |  3.0
Fighting       | |  3.3
Stealth        | |  0.1

Action                   || total
-------------------------++-------
Melee: Trident           ||   131
  Use: Potion            ||     5
       Scroll            ||     2
Armor: Scale mail        ||    54
Dodge: Dodged            ||    46
Block: Buckler           ||    29

Table legend: (Time is in decaauts)
 A = Elapsed time spent in this place.
 B = Non-inter-level travel time spent in this place.
 C = Inter-level travel time spent in this place.
 D = Time resting spent in this place.
 E = Time spent auto-exploring this place.
 F = Levels seen in this place.
 G = Mean time per level.
                   A        B        C        D        E       F      G
               +--------+--------+--------+--------+--------+-----+--------+
         Total |   2098 |   1830 |    268 |      0 |   1524 |   3 |  699.3 |
       Dungeon |   2098 |   1830 |    268 |      0 |   1524 |   3 |  699.3 |
               +--------+--------+--------+--------+--------+-----+--------+

Top non-repeatable levels by time:
     D:1: 1224 daAuts
     D:2: 834 daAuts
     D:3: 39 daAuts
